AoeStats
← NevErXsTop

African Clearing

510560359Analyzed
4v4 RM · 1d ago on Oct 1, 2026· 40m 19s· 8 players
Game mode
Random Map
Map size
Large (8 player)
Population
200
Speed
Normal
Resources
Standard
Victory
Conquest
Starting age
Dark Age
Ending age
Imperial Age
RankedLock teamsTeams togetherTeam positionsShared explorationLock speedFull tech treeHidden civsTurbo modeCheats
Victory
Defeat
🇭🇰 Burmese · Hong Kong SAR China
1244
+14
🇭🇰 Cumans · Hong Kong SAR China
1227
+15
🇦🇷 Malay · Argentina
1180
+17
🇧🇷 Britons · Brazil
1155
+18
🇭🇰 Ethiopians · Hong Kong SAR China
1341
-21
🇭🇰 Persians · Hong Kong SAR China
1282
-19
🇭🇰 Vietnamese · Hong Kong SAR China
1103
-12
🇭🇰 Georgians · Hong Kong SAR China
1100
-12
Wyman.A
6:02 Loom
13:39 Feudal Age
17:59 Castle Age
16:25 Double-Bit Axe
19:27 Bow Saw
19:10 Gold Mining
18:50 Pikeman
21:22 Wheelbarrow
21:57 Horse Collar
26:46 Fletching
28:01 Bodkin Arrow
28:38 Padded Archer Armor
28:50 Bloodlines
29:39 Leather Archer Armor
29:27 Husbandry
33:10 Ballistics
33:44 Scale Mail Armor
33:54 Forging
37:52 Hand Cart
43:00 Imperial Age
UnHappy
14:17 Feudal Age
16:02 Loom
18:47 Castle Age
17:22 Double-Bit Axe
19:19 Fletching
19:09 Crossbowman
20:13 Bodkin Arrow
21:11 Padded Archer Armor
29:30 Ballistics
33:01 Leather Archer Armor
33:57 Wheelbarrow
36:57 Bow Saw
37:03 Horse Collar
FuNG
14:13 Feudal Age
13:35 Loom
18:43 Castle Age
17:11 Double-Bit Axe
31:14 Horse Collar
35:14 Pikeman
kalun348
5:32 Loom
14:03 Feudal Age
18:41 Castle Age
17:58 Double-Bit Axe
18:07 Fletching
22:33 Bodkin Arrow
22:12 Crossbowman
25:20 Padded Archer Armor
26:46 Thumb Ring
28:27 Elite Skirmisher
NevErXsTop
10:24 Loom
12:39 Feudal Age
13:36 Double-Bit Axe
17:13 Horse Collar
23:50 Wheelbarrow
23:00 Town Watch
25:48 Castle Age
26:11 Scale Barding Armor
26:21 Bloodlines
26:55 Bow Saw
26:08 Light Cavalry
28:10 Town Watch
32:07 Imperial Age
30:35 Fletching
31:23 Bodkin Arrow
33:22 Hand Cart
34:02 Parthian Tactics
36:05 Padded Archer Armor
35:27 Elite Skirmisher
36:35 Heavy Cavalry Archer
39:10 Guilds
39:49 Ballistics
40:29 Chemistry
Eros
4:54 Loom
19:40 Feudal Age
19:21 Horse Collar
23:51 Castle Age
30:32 Husbandry
36:22 Scale Barding Armor
38:04 Forging
38:50 Wheelbarrow
39:08 Stone Mining
39:41 Gold Mining
40:13 Fletching
41:19 Iron Casting
北九州最強ACE
5:01 Loom
15:06 Feudal Age
19:00 Castle Age
17:37 Stone Mining
21:04 Wheelbarrow
20:14 Fishing Lines
24:21 Town Watch
24:50 Padded Archer Armor
29:33 Gillnets
29:25 Horse Collar
33:46 Sanctity
34:21 Hand Cart
36:31 Redemption
38:41 Herbal Medicine
38:52 Manipur Cavalry
grain8720
14:11 Feudal Age
13:19 Loom
18:26 Castle Age
16:24 Double-Bit Axe
17:04 Fletching
19:58 Bodkin Arrow
20:31 Padded Archer Armor
20:50 Crossbowman
25:00 Ballistics
26:11 Leather Archer Armor
25:54 Horse Collar
28:05 Wheelbarrow
35:08 Imperial Age
35:17 Gold Mining
36:01 Hand Cart
35:25 Arbalester
38:33 Chemistry
37:34 Bracer
Connection lost

Rejoining the realm…

Still unreachable

The connection could not be restored.

Session expired

The server has moved on; the page needs a fresh start.